AoeStats
← Kulishaak

Arabia

503839552Analyzed
1v1 RM · 29d ago on Sep 2, 2026· 40m 0s· 2 players
Game mode
Random Map
Map size
Tiny (2 player)
Population
200
Speed
Normal
Resources
Standard
Victory
Conquest
Starting age
Dark Age
Ending age
Imperial Age
RankedLock teamsTeams togetherTeam positionsShared explorationLock speedFull tech treeHidden civsTurbo modeCheats
Victory
Defeat
🇨🇿 Bohemians · Czechia
1110
+18
🇷🇺 Teutons · Russia
1158
-18
Deus
6:52 Loom
9:34 Feudal Age
13:30 Double-Bit Axe
14:45 Horse Collar
24:55 Castle Age
25:35 Forging
26:36 Bloodlines
26:34 Scale Barding Armor
26:45 Bow Saw
27:28 Fletching
27:38 Elite Skirmisher
33:24 Padded Archer Armor
37:43 Leather Archer Armor
Kulishaak
1:34 Loom
10:52 Feudal Age
12:50 Double-Bit Axe
12:46 Horse Collar
14:09 Scale Mail Armor
15:00 Wheelbarrow
14:55 Man-at-Arms
15:21 Arson
22:00 Castle Age
20:14 Fletching
20:54 Padded Archer Armor
22:56 Bodkin Arrow
23:37 Squires
24:07 Crossbowman
25:36 Fervor
26:07 Pikeman
27:12 Forging
29:59 Ballistics
29:49 Masonry
29:23 Treadmill Crane
29:54 Masonry
31:04 Sanctity
33:19 Chemistry
32:36 Leather Archer Armor
32:51 Bow Saw
36:01 Hand Cart
37:42 Murder Holes
37:15 Elite Skirmisher
41:31 Imperial Age
Connection lost

Rejoining the realm…

Still unreachable

The connection could not be restored.

Session expired

The server has moved on; the page needs a fresh start.